 Dungeon Crawl Stone Soup version 0.31-a0-188-g5e087ee2ca (webtiles) character file.

Game seed: 3610799199551137811

24 qw the Shooter (level 2, -1/16 HPs)
             Began as a Deep Elf Hunter on June 23, 2023.
             Succumbed to an adder's poison
             ... on level 2 of the Dungeon.
             The game lasted 00:00:15 (610 turns).

qw the Shooter (Deep Elf Hunter)                     Turns: 610, Time: 00:00:15

Health: -1/16      AC:  5    Str:  8    XL:     2   Next: 79%
Magic:  4/4        EV: 12    Int: 13    God:
Gold:   60         SH:  0    Dex: 18    Spells: 1/1 levels left

rFire   . . .        Y - +1 shortbow
rCold   . . .        (shield currently unavailable)
rNeg    . . .        c - +0 leather armour
rPois   .            (no helmet)
rElec   .            h - +0 cloak
rCorr   .            (no gloves)
SInv    .            g - +0 pair of boots
Will    .....        (no amulet)
Stlth   ++           (no ring)
HPRegen 0.22/turn    (no ring)
MPRegen 0.09/turn

%: no passive effects
@: lethally poisoned (-1 -> -10)
A: no striking features
a: no special abilities


You were on level 2 of the Dungeon.
You visited 1 branch of the dungeon, and saw 2 of its levels.

You collected 60 gold pieces.


   Skills:
 - Level 1.5 Fighting
 + Level 6.5 Ranged Weapons
 - Level 2.4 Dodging
 - Level 1.2 Stealth


You had one spell level left.
You didn't know any spells.
Your spell library was empty.

Inventory:

Hand Weapons
 Y - a +1 shortbow (weapon)
Armour
 c - a +0 leather armour (worn)
 g - a +0 pair of boots (worn)
 h - a +0 cloak (worn)
Potions
 j - a potion of degeneration {unknown}

Dungeon Overview and Level Annotations

Branches:
Dungeon (2/15)

Altars:

Shops:
D:1 (


Message History

You shoot an arrow. The arrow barely misses the jackal.
An adder comes into view.
You shoot an arrow. The adder hisses angrily.
The arrow hits the jackal!
You kill the jackal!
A jackal comes into view.
You shoot an arrow. The arrow closely misses the adder.
The jackal barks!
A jackal comes into view.
You shoot an arrow. The arrow hits the jackal.
The jackal is heavily wounded.
The jackal bites you but does no damage. x2
You shoot an arrow. The arrow hits the jackal.
The jackal is almost dead.
The adder bites you but does no damage. The jackal barely misses you.
You shoot an arrow. The arrow barely misses the jackal.
The adder closely misses you. The adder barely misses you.
The jackal bites you but does no damage. x2
You shoot an arrow. The arrow barely misses the jackal.
The jackal bites you but does no damage.
The adder bites you.
You are poisoned.
The adder poisons you!
The jackal bites you but does no damage.
The jackal closely misses you.
You shoot an arrow. The arrow misses the jackal.
You feel sick.
The jackal bites you but does no damage.
The adder bites you.
You are lethally poisoned!
The adder poisons you! The jackal closely misses you. x2
The adder barely misses you.
You shoot an arrow. The arrow hits the jackal.
You kill the jackal!
You feel very sick. The adder bites you. The jackal bites you.
You shoot an arrow. The arrow hits the adder!
The adder is heavily wounded.
You die...

.##. #.# #.# .#. #.# #.#
.. #.# #.# #. #.# ...
#.##.# #.# .. #....##
#.# .. #h#S..####.#
#..#####h@......>.#
##........#...####.#####
......#####.## #.....#
#..##.# #.# #.###.#
#..##.## #.## #.# #.#
#..#...####..# #.# #.#
.##.##..#.#....#..# #.#
#.# ..........#<...#..#
#.# #.#
###.###.#####..#..# #.#
#.#


You could see an adder and 2 jackals.

Vanquished Creatures
  An endoplasm (D:1)
  2 giant cockroaches (D:1)
  4 hobgoblins
  2 jackals (D:2)
  A kobold (D:1)
  3 ball pythons (D:1)
  6 bats (D:1)
  4 rats
23 creatures vanquished.

Notes
Turn   | Place    | Note
-------+----------+-------------------------------------------
     0 | D:1      | qw the Deep Elf Hunter began the quest for the Orb.
     0 | D:1      | Reached XP level 1. HP: 12/12 MP: 3/3
     0 | D:1      | 0 ||| qw: Version: 0.3-a-9-g12657ce
     0 | D:1      | 0 ||| qw: Game counter: 3209
     0 | D:1      | 0 ||| qw: Always use a shield: true
     0 | D:1      | 0 ||| qw: God list: Okawaru
     0 | D:1      | 0 ||| qw: Allow faded altars: false
     0 | D:1      | 0 ||| qw: Do Orc after D:15 true
     0 | D:1      | 0 ||| qw: Do second Lair branch before Depths: true
     0 | D:1      | 0 ||| qw: Lair rune preference: random
     0 | D:1      | 0 ||| qw: Plans: Normal
     0 | D:1      | 0 ||| PLANNING D:1-11
   132 | D:1      | Found Jurpho's Antique Weapon Shop.
   220 | D:1      | Found a faded altar of an unknown god.
   335 | D:1      | Reached XP level 2. HP: 16/16 MP: 4/4
   338 | D:1      | Reached skill level 6 in Ranged Weapons
   522 | D:1      | 522 ||| UPGRADING to +0 pair of boots.
   527 | D:1      | 527 ||| UPGRADING to +0 cloak.
   532 | D:1      | 532 ||| READING scroll labelled UBUATO YLIMA.
   533 | D:1      | 533 ||| READING scroll labelled KOHEOQ ACIEFO.
   534 | D:1      | 534 ||| READING scroll labelled HOUROD QUHOATA.
   535 | D:1      | 535 ||| READING scroll labelled DIRHIO CEVUWYX.
   536 | D:1      | 536 ||| DROPPING scroll of butterflies.
   609 | D:2      | HP: 2/16 [adder (4)]
   610 | D:2      | Succumbed to an adder's poison

Levels and vault maps discovered:
D:1:      matt_arrival_spirals, layout_basic,
          shapermc_ecumenical_altar_notcrosses, serial_shops, shop,
          minmay_misc_feat_iff
D:2:      layout_loops_ring

Skill      XL: |  1  2 |
---------------+-------+-----
Ranged Weapons | 6 |  6.5
Fighting       | |  1.5
Dodging        | |  2.4
Stealth        | |  1.2

Action                     || total
---------------------------++-------
   Fire: Shortbow          ||    48
    Use: Scroll            ||     4
 Armour: Leather armour    ||     8
  Dodge: Dodged            ||    12

Table legend:
 A = Non-vault XP
 B = Vault XP
 C = Vault XP percentage of total XP
 D = Non-vault monster count
 E = Vault monster count
 F = Vault count percentage of total count
                 A         B        C        D         E       F
            +---------+---------+-------+---------+---------+-------
      Total |      35 |       0 |   0.0 |      23 |       0 |   0.0
            +---------+---------+-------+---------+---------+-------
        D:1 |      28 |       0 |   0.0 |      19 |       0 |   0.0
        D:2 |       7 |       0 |   0.0 |       4 |       0 |   0.0
            +---------+---------+-------+---------+---------+-------
